Map: Acolyte LE

Players

A.I. 1 (Hard)

  • Race: Protoss Protoss
  • Spawn Location: 1:00

Throwfordays - Winner!

  • Race: Terran Terran
  • Spawn Location: 7:00

VOD

Have the link to the VOD?

Description

Time

  • Played on: April 9, 2021, 3:53 p.m.
  • Length: 28:22
Show
View Real Time Build Order
Export as new Build Order

A.I. 1 (Hard) Protoss 

Build Orders:  

Get SALT Encoding   

  12  0:00  Probe  
  13  0:13  Probe  
  14  0:20  Pylon  
  14  0:25  Probe  
  15  0:34  Probe  
  16  0:42  Probe  
  16  0:47  Assimilator  
  17  0:51  Gateway  
  17  0:52  Probe  
  18  0:59  Pylon  
  18  1:00  Probe  
  19  1:20  Probe  
  20  1:39  Zealot  
  22  1:40  Cybernetics Core  
  22  1:43  Gateway  
  22  1:45  Assimilator  
  22  1:56  Warp Gate  
  22  2:00  Pylon  
  22  2:16  Adept  
  24  2:30  Zealot  
  26  2:43  Pylon  
  26  2:46  Adept  
  28  2:57  Adept  
  30  3:06  Probe  
  31  3:16  Adept  
  31  3:18  Probe  
  34  3:24  Pylon  
  34  3:27  Adept  
  34  3:30  Probe  
  37  3:37  Forge  
  37  3:42  Probe  
  38  3:53  Stalker  
  38  3:54  Probe  
  41  4:04  Adept  
  41  4:05  Probe  
  44  4:16  Adept  
  46  4:38  Protoss Ground Weapons Level 1  
  46  4:48  Sentry  
  46  4:49  Gateway  
  46  4:51  Pylon  
  48  4:58  Sentry  
  50  5:07  Photon Cannon  
  50  5:11  Sentry, Robotics Facility  
  52  5:21  Zealot  
  54  5:22  Pylon  
  54  5:31  Zealot  
  54  5:32  Photon Cannon  
  56  5:41  Stalker  
  52  5:51  Stalker  
  52  5:58  Observer  
  52  6:01  Stalker  
  53  6:06  Forge  
  53  6:10  Stargate  
  53  6:11  Zealot  
  53  6:16  Nexus  
  53  6:20  Observer  
  53  6:21  Sentry  
  56  6:33  Protoss Ground Armor Level 1  
  56  6:38  Twilight Council  
  54  7:24  Adept  
  54  7:27  Probe  
  54  7:28  Probe  
  55  7:34  Zealot  
  56  7:38  Probe  
  56  7:39  Assimilator  
  56  7:40  Pylon, Probe  
  56  7:43  Pylon  
  58  7:47  Probe  
  59  7:53  Probe  
  60  8:00  Probe  
  60  8:03  Adept  
  60  8:04  Photon Cannon  
  60  8:05  Probe  
  62  8:06  Photon Cannon  
  62  8:12  Probe  
  63  8:17  Probe  
  64  8:21  Probe  
  65  8:29  Probe x2  
  67  8:39  Probe  
  68  8:41  Probe  
  69  8:51  Probe  
  69  8:53  Probe  
  71  9:03  Gateway  
  71  9:04  Warp Prism  
  71  9:07  Templar Archives  
  73  9:11  Robotics Bay  
  73  9:16  Robotics Facility  
  73  9:21  Stargate  
  73  9:30  Assimilator  
  73  9:32  Warp Prism  
  73  9:43  High Templar  
  77  9:48  Nexus  
  77  9:54  High Templar  
  79  10:03  Observer, Probe  
  79  10:05  Warp Prism  
  81  10:10  Fleet Beacon, High Templar, Archon  
  85  10:21  High Templar  
  85  10:25  Pylon  
  87  10:32  Disruptor  
  90  10:43  High Templar, Archon  
  92  10:54  High Templar  
  92  10:56  Pylon  
  94  11:02  Probe  
  94  11:03  Probe  
  96  11:05  Tempest, Probe  
  102  11:13  Assimilator  
  102  11:14  Probe  
  102  11:15  Probe  
  102  11:17  Assimilator, Probe  
  102  11:18  High Templar, Archon  
  107  11:26  Probe  
  107  11:27  Probe  
  107  11:30  Probe  
  107  11:32  High Templar  
  112  11:34  Probe  
  112  11:39  Probe  
  114  11:41  Pylon  
  114  11:42  Probe x2  
  114  11:44  Disruptor  
  114  11:46  Protoss Ground Armor Level 2  
  119  11:50  Pylon  
  119  11:52  Probe x2  
  119  11:53  Protoss Ground Weapons Level 2  
  120  11:55  Probe  
  122  12:11  Photon Cannon  
  122  12:13  Photon Cannon  
  122  12:32  Gravitic Boosters  
  122  12:47  Void Ray  
  122  12:48  Void Ray  
  126  12:59  Protoss Air Weapons Level 1  
  130  13:14  Psionic Storm  
  130  13:19  Gravitic Drive  
  128  13:54  Observer  
  129  13:59  Observer, Zealot  
  97  14:04  Zealot, Protoss Ground Armor Level 3  
  97  14:09  Stalker  
  101  14:14  Protoss Shields Level 1, Stalker  
  103  14:19  Sentry  
  103  14:24  Adept  
  106  14:40  Nexus  
  106  14:44  High Templar, Archon  
  108  14:49  High Templar  
  110  14:55  Protoss Air Armor Level 1  
  110  15:05  High Templar, Archon  
  112  15:11  High Templar  
  114  15:23  High Templar, Archon  
  116  15:28  High Templar  
  116  15:35  Archon  
  118  15:38  High Templar  
  120  15:43  High Templar  
  122  15:50  Archon  
  122  15:52  Probe  
  123  16:00  Protoss Ground Weapons Level 3  
  123  16:02  Assimilator  
  123  16:12  Assimilator, Pylon x2  
  123  16:14  High Templar  
  125  16:18  Zealot  
  125  16:23  Immortal  
  131  16:26  Void Ray  
  131  16:28  Stalker  
  131  16:31  Stalker  
  135  16:33  Photon Cannon  
  135  16:34  Immortal  
  135  16:35  Photon Cannon  
  135  16:38  Sentry  
  141  16:41  Protoss Shields Level 2  
  141  16:46  Adept  
  143  16:50  Protoss Air Weapons Level 2  
  143  17:17  Stalker  
  143  17:20  Zealot  
  121  17:22  Zealot  
  121  17:25  Zealot  
  123  17:40  Zealot  
  123  17:43  Adept  
  127  17:56  Dark Shrine  
  127  18:51  Protoss Shields Level 3  
  127  18:59  Void Ray  
  127  19:01  Protoss Air Armor Level 2  
  131  19:32  Void Ray  
  131  19:43  Nexus  
  131  20:47  Stalker  
  125  20:50  Zealot  
  125  20:53  Sentry  
  125  20:56  Sentry  
  127  21:05  Assimilator  
  127  21:09  Pylon, Adept  
  127  21:11  Assimilator, Protoss Air Weapons Level 3  
  128  21:12  Probe  
  128  21:13  Probe  
  128  21:14  Pylon  
  128  21:15  Probe  
  128  21:16  Probe  
  128  21:18  Probe  
  121  21:22  Void Ray  
  121  21:24  Probe  
  121  21:25  Probe  
  122  21:27  Probe  
  122  21:29  Pylon, Probe  
  122  21:30  Pylon, Probe  
  122  21:31  Sentry  
  124  21:33  Probe  
  124  21:34  Photon Cannon, Zealot  
  124  21:36  Probe  
  124  21:37  Photon Cannon, Sentry  
  124  21:39  Probe  
  123  21:41  Probe x2  
  123  21:42  Probe  
  114  21:47  Blink  
  114  21:48  Probe  
  114  21:52  Probe x2  
  114  21:53  Probe  
  117  21:55  Probe  
  117  22:00  Probe x2  
  120  22:01  Stalker  
  120  22:03  Pylon, Probe  
  120  22:05  Probe  
  120  22:06  Stalker  
  127  22:10  Stalker  
  127  22:11  Probe  
  127  22:12  Colossus, Probe x2  
  127  22:13  Probe x2  
  140  22:24  Probe  
  141  24:46  Void Ray  
  141  24:54  Immortal  
  130  25:11  Stalker  
  109  25:16  Zealot  
  109  25:17  Pylon  
  109  25:20  Nexus, Zealot  
  101  25:23  Zealot  
  87  25:31  Zealot  
  87  25:32  Pylon  
  81  25:46  Zealot  
  77  26:00  Pylon  
  77  26:03  Pylon  
  75  26:04  Forge  
  75  26:11  Pylon  
  75  26:14  Pylon  
  75  26:16  Forge  
  67  26:20  Pylon  
  62  26:27  Pylon  
  62  26:29  Probe  
  62  26:33  Gateway  
  62  26:39  Probe  
  63  26:42  Probe  
  52  26:47  Probe  
  52  26:49  Probe  
  52  26:50  Probe  
  51  26:57  Pylon  
  51  26:59  Pylon, Probe  
  51  27:00  Probe  
  49  27:14  Pylon  
  49  27:18  Nexus  
  49  27:28  Probe  
  39  27:32  Assimilator  
  39  27:33  Probe  
  39  27:35  Pylon  
  39  27:37  Assimilator, Probe  
  23  27:45  Probe  
  23  27:55  Gateway  
  23  27:57  Probe  
  22  28:00  Pylon  
  22  28:06  Gateway  
  6  28:14  Nexus  
Show
View Real Time Build Order
Export as new Build Order

Throwfordays Terran - Winner!

Build Orders:  

Get SALT Encoding   

  12  0:01  SCV  
  13  0:13  SCV  
  14  0:20  Supply Depot  
  14  0:25  SCV  
  15  0:42  SCV  
  16  0:44  Barracks  
  16  0:54  SCV  
  16  0:55  Refinery  
  17  1:06  SCV  
  18  1:22  Supply Depot  
  18  1:29  Barracks  
  18  1:31  SCV  
  19  1:32  Supply Depot  
  19  1:35  Refinery  
  19  1:43  SCV  
  20  1:55  SCV  
  20  2:00  Command Center  
  21  2:10  SCV  
  22  2:22  SCV  
  23  2:26  Barracks Tech Lab  
  23  2:32  Factory  
  23  2:43  SCV  
  24  2:53  Reaper  
  25  3:05  Orbital Command  
  25  3:18  Engineering Bay  
  25  3:36  Barracks Reactor  
  25  3:37  Armory  
  25  3:42  Hellion  
  25  3:46  Infernal Pre-Igniter  
  27  3:51  Armory  
  27  4:15  Widow Mine  
  29  4:18  SCV  
  29  4:21  SCV  
  31  4:30  SCV  
  32  4:33  SCV  
  32  4:35  Starport  
  32  4:36  Terran Infantry Weapons Level 1  
  32  4:37  Widow Mine  
  35  4:43  SCV  
  35  4:45  SCV  
  37  4:49  Refinery  
  37  4:50  Refinery  
  37  4:55  SCV  
  37  4:57  SCV  
  39  5:05  Drilling Claws  
  40  5:07  SCV  
  40  5:09  SCV  
  41  5:18  Widow Mine  
  41  5:19  SCV  
  44  5:21  SCV  
  44  5:24  Terran Vehicle Weapons Level 1  
  44  5:28  Starport Tech Lab  
  45  5:33  Starport  
  45  5:39  Widow Mine, Orbital Command  
  45  5:58  Marine x2  
  45  6:11  Liberator  
  48  6:13  Hellion  
  49  6:24  Starport Reactor  
  46  7:20  Supply Depot  
  46  7:21  Marine, SCV  
  46  7:23  Marine  
  45  7:33  SCV  
  46  7:42  Marine x2, Hellion  
  48  8:00  Marine x2  
  49  8:17  Marine x2  
  51  8:32  SCV  
  52  8:36  SCV  
  53  8:43  Supply Depot  
  53  8:44  SCV  
  54  8:53  Supply Depot x2  
  54  8:57  Supply Depot  
  54  9:05  SCV x2  
  56  9:17  SCV x2  
  60  9:24  Widow Mine  
  60  9:25  Supply Depot  
  60  9:29  SCV x2  
  60  9:31  Liberator x3  
  73  9:45  Widow Mine  
  73  9:46  Factory  
  73  9:52  Barracks  
  73  9:53  Barracks  
  73  10:01  Command Center  
  73  10:32  Factory Reactor  
  73  10:40  Terran Vehicle Weapons Level 2  
  73  10:42  Terran Ship Weapons Level 1  
  73  10:44  Terran Infantry Weapons Level 2  
  73  10:48  Engineering Bay  
  73  11:42  Planetary Fortress  
  73  11:46  SCV  
  74  11:50  SCV  
  75  11:59  SCV  
  76  12:02  SCV  
  76  12:07  Widow Mine  
  79  12:09  Refinery  
  79  12:10  Widow Mine x2  
  79  12:11  SCV  
  79  12:14  SCV  
  85  12:23  SCV  
  85  12:26  SCV  
  85  12:29  Widow Mine  
  89  12:31  Widow Mine x2  
  89  12:35  SCV  
  94  12:38  SCV  
  94  12:43  Command Center  
  95  12:50  Widow Mine  
  97  12:52  Widow Mine  
  97  12:53  Widow Mine  
  101  13:11  Widow Mine  
  103  13:14  Widow Mine x2  
  107  13:33  Widow Mine  
  97  14:11  SCV  
  97  14:13  Refinery  
  98  14:23  SCV  
  99  14:35  SCV  
  100  14:47  SCV  
  101  14:59  SCV  
  102  15:02  Command Center  
  102  15:11  Command Center  
  102  15:25  Widow Mine  
  102  15:26  Widow Mine x2  
  108  15:31  Supply Depot  
  108  15:32  Barracks Tech Lab  
  108  15:34  Barracks Reactor  
  108  15:35  Supply Depot  
  108  15:40  Supply Depot  
  108  15:41  Terran Infantry Weapons Level 3  
  108  15:42  Terran Vehicle Weapons Level 3  
  108  15:43  Terran Ship Weapons Level 2  
  108  15:53  Widow Mine x3  
  114  16:00  Fusion Core  
  114  16:14  Widow Mine x3  
  120  16:28  Command Center  
  120  16:29  Planetary Fortress  
  120  16:36  Widow Mine x3  
  126  16:57  Widow Mine  
  108  17:54  Battlecruiser  
  108  17:58  Starport  
  114  18:00  Starport  
  114  18:02  Starport  
  114  18:12  Supply Depot  
  114  18:14  Supply Depot  
  114  18:15  Supply Depot  
  114  18:18  Terran Ship Weapons Level 3  
  114  18:20  Terran Vehicle And Ship Armor Level 1  
  114  18:21  Terran Infantry Armor Level 1  
  114  18:24  Hi-Sec Auto Tracking  
  114  18:26  Planetary Fortress  
  114  18:35  Refinery  
  114  18:36  Refinery, SCV  
  115  18:45  Combat Shield  
  115  18:49  SCV  
  115  18:50  Starport Tech Lab x3  
  116  18:58  Battlecruiser  
  116  19:01  SCV  
  123  19:04  Planetary Fortress  
  123  19:07  Refinery  
  123  19:11  Refinery  
  123  19:13  SCV  
  124  19:24  Battlecruiser  
  124  19:25  SCV, Battlecruiser x2  
  143  19:59  Missile Turret  
  143  20:04  Stimpack  
  142  20:16  Battlecruiser  
  141  20:22  Weapon Refit  
  136  20:29  Battlecruiser x3  
  148  20:51  Supply Depot  
  148  20:52  Supply Depot x2  
  148  21:20  Battlecruiser  
  142  22:02  Advanced Ballistics  
  142  22:08  Battlecruiser  
  142  22:09  Battlecruiser x2  
  160  22:23  Terran Vehicle And Ship Armor Level 2  
  160  22:24  Battlecruiser  
  166  22:52  Command Center  
  166  22:53  Command Center  
  166  22:55  Command Center  
  166  23:01  Command Center  
  166  23:11  Missile Turret  
  166  23:13  Battlecruiser x3, Missile Turret  
  166  23:15  Missile Turret  
  184  23:20  Missile Turret  
  184  23:29  Battlecruiser  
  184  23:31  Missile Turret  
  190  23:39  Missile Turret  
  190  23:46  Missile Turret  
  190  24:10  SCV  
  191  24:22  SCV  
  192  24:27  Planetary Fortress  
  192  24:28  Planetary Fortress  
  192  24:29  Planetary Fortress  
  192  24:34  SCV  
  192  24:35  Refinery  
  192  24:36  Terran Infantry Armor Level 2  
  193  24:38  Refinery  
  193  24:41  Neosteel Armor  
  193  24:46  SCV  
  194  24:58  SCV  
  177  26:54  Battlecruiser x3  
Tags
 
Matchup
PvT
Replay Pack
Multiplayer
Spawn Locations
Cross Positions
Add a new tag
Caveats
  • Supply blocks, unpowered buildings, or Contaminate may cause inaccurate times.
  • Supply counts are checked every 10 seconds.